 Dungeon Crawl Stone Soup version 0.24-a0-375-g4de66ed42b (webtiles) character file.

Game seed: 7502091703755230264

1101 KrasnyyBoyets the Chopper (level 8, -16/68 HPs)
             Began as a Deep Dwarf Fighter on May 30, 2019.
             Engulfed by a cloud of flame (19 damage)
             ... on level 6 of the Dungeon on June 1, 2019.
             The game lasted 00:43:54 (6619 turns).

KrasnyyBoyets the Chopper (Deep Dwarf Fighter)      Turns: 6619, Time: 00:43:54

Health: -16/68     AC: 17    Str: 25    XL:     8   Next: 10%
Magic:  5/5        EV:  7    Int:  9    God:
Gold:   318        SH: 10    Dex: 12    Spells: 7/7 levels left

rFire    . . .     SeeInvis .   v - +3 hand axe
rCold    . . .     Gourm    .   c - +0 shield
rNeg     . . .     Faith    .   j - +0 plate armour
rPois    .         Spirit   .   (no helmet)
rElec    .         Reflect  .   (no cloak)
rCorr    .         Harm     .   e - +0 pair of gloves
MR       +....                  y - +0 pair of boots
Stlth    ..........             (no amulet)
HPRegen  0.00/turn              n - +3 ring of strength
MPRegen  0.09/turn              w - +4 ring of protection

@: non-regenerating
A: damage resistance, heal wounds, sense surroundings 1, no regeneration
a: Heal Wounds


You were on level 6 of the Dungeon.
You were not hungry.

You visited 1 branch of the dungeon, and saw 6 of its levels.

You collected 318 gold pieces.

Inventory:

Hand Weapons
 a - a +0 war axe
 v - a +3 hand axe (weapon)
Armour
 b - a +0 scale mail
 c - a +0 shield (worn)
 e - a +0 pair of gloves (worn)
 j - a +0 plate armour (worn)
 y - a +0 pair of boots (worn)
Jewellery
 k - an uncursed amulet of magic regeneration {unknown}
 n - a +3 ring of strength (left hand)
 w - a +4 ring of protection (right hand)
 B - a cursed ring of attention {unknown}
Wands
 x - a wand of iceblast (5)
Scrolls
 h - 3 scrolls of identify
 l - a scroll of random uselessness {unknown}
 o - a scroll of enchant armour {unknown}
 p - 2 scrolls of teleportation
 r - a scroll of fog {unknown}
 s - 2 scrolls of remove curse
 u - a scroll of enchant weapon {unknown}
 D - a scroll of amnesia {unknown}
Potions
 d - a potion of might
 g - a potion of curing {unknown}
 i - a potion of flight {unknown}
 m - 3 potions of haste {unknown}
 t - a potion of lignification {unknown}
 z - 2 potions of brilliance
 A - 3 potions of degeneration {unknown}
 C - a potion of agility {unknown}
Comestibles
 f - 3 rations


   Skills:
 - Level 2.6 Fighting
 * Level 7.5 Axes
 - Level 3.2 Armour
 * Level 6.0 Dodging
 - Level 3.2 Shields
 * Level 4.9 Evocations


You had 7 spell levels left.
You didn't know any spells.
Your spell library was empty.

Dungeon Overview and Level Annotations

Branches:
Dungeon (6/15)             Temple (0/1) D:4

Altars:
Elyvilon
Trog
Yredelemnul

Annotations:
D:5 ghost + 1 runed translucent door, Cenon's ghost, amateur FoAK
D:6 Edmund


Innate Abilities, Weirdness & Mutations

You are resistant to damage.
You can heal yourself by infusing magical energy.
You passively map a small area around you.
You do not regenerate.


Message History

You slash the orc!
The orc explodes!
The fiery explosion engulfs the orc!!!
The orc explodes!
The fiery explosion engulfs the orc warrior!!
The orc warrior is almost dead.
The fiery explosion engulfs you.
The fiery explosion engulfs the orc wizard!!
The orc wizard explodes!
The fiery explosion engulfs the orc warrior!!!
The orc warrior explodes!
The fiery explosion engulfs you!!
Ouch! That really hurt!
Your Dodging skill increases to level 6!
You have reached level 8!
You feel clever. The fiery explosion engulfs you!!
* * * LOW HITPOINT WARNING * * *
You are engulfed in blazing flames.
You die...

....#####...# ,
* .##.#
###...#* ....#
, ........# ,
..### ,,
......### , ..#
, .....# ..# ,
.....## , ... *
*###...# * *
#.§## , , *
*#@§# ,
......§§§§.#, ,
,,
.######.§§o.@..
, #§###%.... *
#.# #.... , *
#.#** #.## * *
, *#.. ,... **
* %%. ,, .. *


You could see Edmund (inner flame) and an orc (inner flame).

Vanquished Creatures
  An ice beast (D:5)
  An orc warrior (D:6)
  An ogre (D:6)
  A necrophage (D:5)
  A centaur (D:5)
  A scorpion (D:4)
  2 killer bees (D:6)
  A bullfrog zombie (D:5)
  A hound (D:5)
  Jessica (D:2)
  4 orc wizards
  3 worker ants
  Natasha (thrice) (D:4)
  Terence (D:2)
  An iguana (D:5)
  A hound zombie (D:6)
  6 adders
  A worm (D:2)
  3 dart slugs
  3 leopard geckos
  12 orcs
  2 bats (D:2)
  6 giant cockroaches
  5 goblins
  8 hobgoblins
  5 jackals
  A quokka (D:5)
  2 ball pythons (D:1)
  2 frilled lizards
  2 gnoll zombies (D:4)
  A jackal skeleton (D:5)
  6 kobolds
  A leopard gecko zombie (D:6)
  2 rats (D:2)
  A plant (D:1)
93 creatures vanquished.

Notes
Turn   | Place    | Note
-------+----------+-------------------------------------------
     0 | D:1      | KrasnyyBoyets the Deep Dwarf Fighter began the quest for
                  | the Orb.
     0 | D:1      | Reached XP level 1. HP: 20/20 MP: 1/1
   181 | D:1      | Reached skill level 3 in Axes
   183 | D:1      | Reached XP level 2. HP: 27/27 MP: 2/2
   353 | D:1      | Reached skill level 1 in Dodging
   418 | D:1      | You fall into a shaft and drop 1 floor!
   418 | D:2      | Found a white marble altar of Elyvilon.
   451 | D:2      | Noticed Terence
   464 | D:2      | Killed Terence
   464 | D:2      | Reached XP level 3. HP: 31/33 MP: 2/2
   592 | D:2      | Found a bloodstained altar of Trog.
   826 | D:2      | Noticed Jessica
   829 | D:2      | Killed Jessica
   829 | D:2      | Reached XP level 4. HP: 40/40 MP: 3/3
  1137 | D:2      | Reached skill level 4 in Axes
  2847 | D:3      | Reached XP level 5. HP: 43/46 MP: 3/3
  2851 | D:3      | Upgraded the game from 0.24-a0-373-g39439d866b to
                  | 0.24-a0-375-g4de66ed42b
  3915 | D:4      | Found a staircase to the Ecumenical Temple.
  4037 | D:4      | Found a basalt altar of Yredelemnul.
  4150 | D:4      | Noticed Natasha
  4158 | D:4      | Killed Natasha
  4192 | D:4      | Reached skill level 5 in Axes
  4206 | D:4      | Noticed Natasha
  4216 | D:4      | Killed Natasha
  4369 | D:4      | Reached skill level 1 in Evocations
  4369 | D:4      | Reached XP level 6. HP: 53/55 MP: 2/2
  4774 | D:4      | Noticed Natasha
  4787 | D:4      | Killed Natasha
  4938 | D:5      | Entered Level 5 of the Dungeon
  5009 | D:5      | Reached skill level 6 in Axes
  5020 | D:5      | Reached XP level 7. HP: 58/61 MP: 4/4
  5249 | D:5      | Reached skill level 5 in Dodging
  5423 | D:5      | Reached skill level 7 in Axes
  6081 | D:5      | Found a runed translucent door.
  6084 | D:5      | Noticed Cenon's ghost (amateur FoAK)
  6616 | D:6      | Noticed Edmund
  6619 | D:6      | Reached XP level 8. HP: 32/68 MP: 5/5
  6619 | D:6      | HP: 3/68 [orc/exploding inner flame[the player character]
                  | (29)]
  6619 | D:6      | Engulfed by a cloud of flame

Levels and vault maps discovered:
D:1:      co_arrival_hexagon_in_a_hexagon, layout_basic, st_stairs_1,
          chequers_big_river, minmay_misc_feat_room
D:2:      layout_loops_ring, overflow_temple_1_default, serial_aquarium,
          aquarium_bridge_square [aquarium_subvault_balcony,
          aquarium_subvault_wall, aquarium_subvault_bridge,
          aquarium_subvault_window], aquarium_window_fake, aquarium_window_2,
          aquarium_view_2b, first_ration, elyvilon_altar_4, uniq_jessica,
          uniq_terence
D:3:      layout_basic
D:4:      layout_loops_ring, lemuel_zombie_altar_yredelemnul, temple_fountains,
          kennysheep_decorative_pillar, st_stairs_1, kennysheep_generic_room_12,
          uniq_natasha
D:5:      layout_layer_cave, ebering_ghost_sewer_d
D:6:      layout_rooms, grunt_gozag_breadcrumbs, xom_butterflies, uniq_edmund

Skill      XL: |  1  2  3  4  5  6  7 |
---------------+----------------------+-----
Axes           | 3 4 5 6 7 |  7.5
Dodging        | 2 3 4 6 |  6.0
Evocations     | 1 3 4 |  4.9
Fighting       | |  2.6
Armour         | |  3.2
Shields        | |  3.2

Action                   |  1- 3 |  4- 6 |  7- 9 || total
-------------------------+-------+-------+-------++-------
Melee: War axe           |   127 |   126 |       ||   253
       Hand axe          |       |    85 |    67 ||   152
 Abil: Heal Wounds       |     2 |     5 |     4 ||    11
  Use: Scroll            |       |       |     5 ||     5
  Eat: Chunk             |       |    10 |     2 ||    12
       Ration            |       |     1 |     1 ||     2
Armor: Scale mail        |    34 |       |       ||    34
       Plate armour      |    29 |   128 |    55 ||   212
Dodge: Dodged            |    31 |    53 |    23 ||   107
Block: Shield            |    47 |   115 |    41 ||   203

Table legend:
 A = Non-vault XP
 B = Vault XP
 C = Vault XP percentage of total XP
 D = Non-vault monster count
 E = Vault monster count
 F = Vault count percentage of total count
                 A         B        C        D         E       F
            +---------+---------+-------+---------+---------+-------
      Total |    1455 |     119 |   7.6 |      83 |       9 |   9.8
            +---------+---------+-------+---------+---------+-------
        D:1 |      34 |       3 |   8.1 |      18 |       2 |  10.0
        D:2 |      73 |      73 |  50.0 |      14 |       2 |  12.5
        D:3 |      52 |       0 |   0.0 |       8 |       0 |   0.0
        D:4 |     212 |      43 |  16.9 |      12 |       5 |  29.4
        D:5 |     650 |       0 |   0.0 |      22 |       0 |   0.0
        D:6 |     434 |       0 |   0.0 |       9 |       0 |   0.0
            +---------+---------+-------+---------+---------+-------
